 Dungeon Crawl Stone Soup version 0.31-a0-931-g7b59d4eb97 (webtiles) character file.

Game seed: 3023110727142486833

174 pokeman the Magician (level 5, -3/29 HPs)
             Began as a Deep Elf Hedge Wizard on Oct 19, 2023.
             Slain by Menkaure (20 damage)
             ... on level 5 of the Dungeon.
             The game lasted 00:03:04 (2467 turns).

pokeman the Magician (Deep Elf Hedge Wizard)        Turns: 2467, Time: 00:03:04

Health: -3/29      AC:  3    Str: 13    XL:     5   Next: 28%
Magic:  6/15       EV: 13    Int: 21    God:
Gold:   130        SH:  0    Dex: 17    Spells: 8/16 levels left

rFire   + . .        m - +5 dagger of Exquisite Death {heavy, Fragile Str+6 Dex+3 Stlth+}
rCold   . . .        (no shield)
rNeg    + . .        b - +0 robe
rPois   .            c - +0 hat
rElec   .            (no cloak)
rCorr   .            (no gloves)
SInv    .            i - +0 pair of boots
Will    .....        (no amulet)
Stlth   +++          e - ring of protection from fire
HPRegen 0.24/turn    l - ring of positive energy
MPRegen 0.14/turn

%: no passive effects
@: on blink cooldown
A: no striking features
a: no special abilities


You were on level 5 of the Dungeon.
You visited 1 branch of the dungeon, and saw 5 of its levels.

You collected 130 gold pieces.

Inventory:

Hand Weapons
 m - the +5 dagger of Exquisite Death (weapon) {heavy, Fragile Str+6 Dex+3 Stlth+}
   (You found it on level 2 of the Dungeon)

   Str+6:     It affects your strength (+6).
   Dex+3:     It affects your dexterity (+3).
   Fragile:   It will be destroyed if unequipped.
   Stlth+:    It makes you more stealthy.
Armour
 b - a +0 robe (worn)
 c - a +0 hat (worn)
 i - a +0 pair of boots (worn)
Jewellery
 e - a ring of protection from fire (left hand)
 l - a ring of positive energy (right hand)
Scrolls
 a - a scroll of vulnerability {unknown}
 f - a scroll of enchant weapon {unknown}
 g - a scroll of revelation {unknown}
 j - a scroll of teleportation {unknown}
 k - a scroll of enchant armour {unknown}
Potions
 d - a potion of magic
 h - a potion of curing {unknown}


   Skills:
 - Level 1.0 Fighting
 - Level 1.0 Armour
 - Level 3.1 Dodging
 - Level 3.2 Stealth
 * Level 6.2 Spellcasting
 + Level 2.6 Conjurations
 - Level 1.1 Summonings
 - Level 1.1 Translocations
 + Level 0.0 Air Magic
 + Level 0.0 Poison Magic


You had 8 spell levels left.
You knew the following spells:

 Your Spells              Type           Power      Damage    Failure   Level
a - Magic Dart            Conj           68%        1d6       3%          1
b - Mephitic Cloud        Conj/Pois/Air  10%        N/A       21%         3
c - Call Imp              Summ           22%        N/A       10%         2
d - Blink                 Tloc           22%        N/A       10%         2

Your spell library contained the following spells:

 Spells                   Type           Power      Damage    Failure   Level
 Slow                     Hex            24%        N/A       10%         1
 Cigotuvi's Dreadful Rot  Necr/Pois/Air  12%        N/A       14%         2


Dungeon Overview and Level Annotations

Branches:
Dungeon (5/15)
 Temple: D:4-7

Altars:

Annotations:
D:5 Menkaure


Message History

Menkaure seems to speed up.
Casting: Magic Dart (safe; 3% risk of failure)
Confirm with . or Enter, or press ? or * to list all spells.
You blink.
Unknown command.
Casting: Blink (safe; 10% risk of failure)
Confirm with . or Enter, or press ? or * to list all spells.
Aiming: Magic Dart (safe; 3% risk of failure)
Press: ? - help, Shift-Dir - straight line, f/p - Menkaure
Aim: Menkaure (heavily damaged, fast, 100% to hit)
The magic dart hits Menkaure but does no damage.
Menkaure is heavily damaged.
Unknown command.
Casting: Magic Dart (safe; 3% risk of failure)
Confirm with . or Enter, or press ? or * to list all spells.
Aiming: Magic Dart (safe; 3% risk of failure)
Press: ? - help, Shift-Dir - straight line, f/p - Menkaure
Aim: Menkaure (heavily damaged, fast, 100% to hit)
The magic dart hits Menkaure.
Menkaure is severely damaged.
Unknown command.
Casting: Magic Dart (safe; 3% risk of failure)
Confirm with . or Enter, or press ? or * to list all spells.
Aiming: Magic Dart (safe; 3% risk of failure)
Press: ? - help, Shift-Dir - straight line, f/p - Menkaure
Aim: Menkaure (severely damaged, fast, 100% to hit)
The magic dart hits Menkaure.
Menkaure is almost destroyed.
Menkaure barely misses you.
Unknown command.
Casting: Magic Dart (safe; 3% risk of failure)
Confirm with . or Enter, or press ? or * to list all spells.
Aiming: Magic Dart (safe; 3% risk of failure)
Press: ? - help, Shift-Dir - straight line, f/p - Menkaure
Aim: Menkaure (almost destroyed, fast, 100% to hit)
The magic dart hits Menkaure but does no damage.
Menkaure is almost destroyed.
Menkaure hits you!!
Ouch! That really hurt!
You die...

......# ### #.#
####..# #.#
##.###### ###### #..
###......# ##.....##
##. ##........#
##.......# .
#........##
#.......# .
#........#
##.......# .
##.......#
##.......# .
#......####.(.@....#
# #......#
#....M...##
#....#.###.......##
##..##..##.......#
#.###..#.......## ##
##.#....<###
#.....### ##.####
#..#


You could see Menkaure (fast).

Vanquished Creatures
  A scorpion (D:5)
  A hound (D:5)
  Terence (D:2)
  2 adders (D:2)
  2 dart slugs
  4 ball pythons (D:1)
  5 bats
  4 endoplasms
  3 giant cockroaches (D:2)
  5 goblins
  3 hobgoblins
  2 kobolds (D:2)
  A quokka (D:1)
  3 frilled lizards
  3 rats
40 creatures vanquished.

Notes
Turn   | Place    | Note
-------+----------+-------------------------------------------
     0 | D:1      | pokeman the Deep Elf Hedge Wizard began the quest for the
                  | Orb.
     0 | D:1      | Reached XP level 1. HP: 10/10 MP: 7/7
   290 | D:1      | Reached XP level 2. HP: 16/16 MP: 5/9
  1112 | D:2      | Reached skill level 5 in Spellcasting
  1236 | D:2      | Found a faded altar of an unknown god.
  1402 | D:2      | Identified the +5 dagger of Exquisite Death {heavy, Fragile
                  | Str+6 Dex+3 Stlth+}
  1427 | D:2      | Reached XP level 3. HP: 20/20 MP: 9/11
  1431 | D:2      | Learned a level 3 spell: Mephitic Cloud
  1434 | D:2      | Learned a level 2 spell: Call Imp
  1437 | D:2      | Learned a level 2 spell: Blink
  1481 | D:2      | Noticed Terence
  1487 | D:2      | Killed Terence
  1488 | D:2      | Reached skill level 1 in Fighting
  1488 | D:2      | Reached skill level 1 in Armour
  1728 | D:2      | Reached XP level 4. HP: 25/25 MP: 7/13
  2255 | D:3      | You fall into a shaft and drop 2 floors!
  2255 | D:5      | Entered Level 5 of the Dungeon
  2275 | D:5      | Noticed a water moccasin
  2301 | D:5      | Noticed a scorpion
  2331 | D:5      | Killed a scorpion
  2332 | D:5      | Reached skill level 6 in Spellcasting
  2332 | D:5      | Reached XP level 5. HP: 7/29 MP: 2/15
  2456 | D:4      | Noticed Menkaure
  2467 | D:5      | Slain by Menkaure

Illustrated notes

Levels and vault maps discovered:
D:1:      dpeg_arrival_lava_altar, layout_loops_ring,
          nicolae_concentric_dashed_squares_mild
D:2:      layout_loops_ring, ebering_ecumenical_altar_webs,
          nicolae_figureground_sparkle, uniq_terence
D:3:      layout_loops_cross, gammafunk_ghost_gnarly_gnolls, uniq_grinder,
          uniq_robin
D:4:      layout_cave_pods, minmay_hollow_rounded_squares, uniq_duvessa,
          uniq_natasha, uniq_menkaure
D:5:      layout_cave_pods, minmay_temple_entry_mist, serial_demonic,
          serial_demonic_d, serial_demonic_g, serial_demonic_c,
          serial_demonic_e, serial_demonic_b, serial_demonic_g,
          serial_park_tiny_2, nicolae_stop_n_shop_1

Skill      XL: |  1  2  3  4 |
---------------+-------------+-----
Spellcasting   | 5 6 |  6.2
Fighting       | 1 |  1.0
Armour         | 1 |  1.0
Conjurations   | 2 |  2.6
Dodging        | 3 |  3.1
Stealth        | 3 |  3.2
Summonings     | |  1.1
Translocations | |  1.1

Action                     |  1- 3 |  4- 6 || total
---------------------------+-------+-------++-------
  Melee: Dagger            |     3 |       ||     3
   Cast: Magic Dart        |    71 |    32 ||   103
         Mephitic Cloud    |     2 |     1 ||     3
         Call Imp          |       |     1 ||     1
         Blink             |       |     1 ||     1
   Stab: Confused          |     1 |       ||     1
 Armour: Robe              |    10 |     6 ||    16
  Dodge: Dodged            |    13 |     4 ||    17

Table legend: (Time is in decaauts)
 A = Elapsed time spent in this place.
 B = Non-inter-level travel time spent in this place.
 C = Inter-level travel time spent in this place.
 D = Time resting spent in this place.
 E = Time spent auto-exploring this place.
 F = Levels seen in this place.
 G = Mean time per level.
                   A        B        C        D        E       F      G
               +--------+--------+--------+--------+--------+-----+--------+
         Total |   2466 |   2400 |     66 |      0 |   2124 |   5 |  493.2 |
       Dungeon |   2466 |   2400 |     66 |      0 |   2124 |   5 |  493.2 |
               +--------+--------+--------+--------+--------+-----+--------+

Top non-repeatable levels by time:
     D:2: 1135 daAuts
     D:1: 1103 daAuts
     D:5: 208 daAuts
     D:3: 15 daAuts
     D:4: 3 daAuts
